 Dungeon Crawl Stone Soup version 0.31-a0-271-gb88eb75e06 (webtiles) character file.

Game seed: 1184448494934716080

5330 cforsyth the Grappler (level 11, -1/71 HPs)
             Began as a Meteoran Shapeshifter on July 14, 2023.
             Was a Follower of Hepliaklqana.
             Slain by a fire elemental (8 damage)
             ... summoned by a deep elf pyromancer
             ... on level 8 of the Dungeon.
             The game lasted 00:16:37 (2591 turns).

cforsyth the Grappler (Meteoran Shapeshifter)       Turns: 2591, Time: 00:16:38

Health: -1/71      AC:  8    Str: 22    XL:     11   Next: 16%
Magic:  10/10      EV: 12    Int:  9    God:    Hepliaklqana [*.....]
Gold:   298        SH:  0    Dex: 15    Spells: 10/10 levels left

rFire   . .          .
                       - Unarmed
rCold   . . .        (no shield)
rNeg    + . .        q - +2 robe {rN+}
rPois   .            (helmet currently unavailable)
rElec   .            (cloak currently unavailable)
rCorr   +            (gloves currently unavailable)
SInv    .            (boots currently unavailable)
Will    +....        (no amulet)
Stlth   +            e - +4 ring of protection
HPRegen 0.31/turn    x - ring of resist corrosion
MPRegen 0.12/turn

%: no passive effects
@: beast-form, hasted, glowing, very quick
A: beast (slay +7), reduced essence, sense surroundings 2, otherworldly,
glowing, explore regen, hooves 1, low MP 1
a: Begin Untransformation, Renounce Religion, Recall Ancestor, Ancestor Identity


You were on level 8 of the Dungeon.
You worshipped Hepliaklqana.
Hepliaklqana was aware of your devotion.
You were a hulking beast.
You visited 2 branches of the dungeon, and saw 10 of its levels.
You also visited: Ossuary and Bailey.

You collected 298 gold pieces.

Inventory:

Armour
 a - a +0 animal skin
 g - a +0 pair of boots
 p - a +2 buckler
 q - a +2 robe of positive energy (worn)
 s - the orb "Jiyrgh" {*Rage, rElec rC+ Will+ Slay-2}
   (You found it on level 6 of the Dungeon)

   Slay:      It affects your accuracy & damage with ranged weapons and melee
   (-2).
   rC:        It protects you from cold.
   rElec:     It insulates you from electricity.
   Will:      It increases your willpower.
 w - a +1 pair of boots of flying
Jewellery
 e - a +4 ring of protection (left hand)
 v - a ring of flight
 x - a ring of resist corrosion (right hand)
Talismans
 c - a beast talisman
Wands
 o - a wand of acid (4)
 u - a wand of polymorph (8)
 y - a wand of flame (20)
Scrolls
 b - a scroll of fear
 f - 3 scrolls of teleportation
 h - 3 scrolls of poison
 t - 2 scrolls of identify
Potions
 d - 2 potions of cancellation
 i - 4 potions of enlightenment
 k - 3 potions of attraction
 m - 6 potions of curing
 n - a potion of magic
 r - a potion of invisibility


   Skills:
 - Level 2.1 Fighting
 - Level 2.4 Dodging
 + Level 13.2 Unarmed Combat
 + Level 11.6 Shapeshifting


You had 10 spell levels left.
You didn't know any spells.
Your spell library contained the following spells:

 Spells                   Type           Power      Damage    Failure   Level
 Foxfire                  Conj/Fire      0%         2x1d4     38%         1
 Plasma Beam              Fire/Air       0%         2x1d10    100%        6
 Starburst                Conj/Fire      0%         6d3       100%        6


Dungeon Overview and Level Annotations

Branches:
Dungeon (9/15) Zot: 3490   Temple (1/1) D:5 Zot: 490 Ossuary (visited)
 Bailey (visited)
   Lair: D:8-11         Orc: D:9-12

Altars:
Ashenzari
Dithmenos
Elyvilon
Fedhas
Gozag
Hepliaklqana
Kikubaaqudgha
Nemelex Xobeh
Okawaru
Qazlal
Ru
Trog
Uskayaw
Vehumet
Wu Jian
Xom
Yredelemnul


Innate Abilities, Weirdness & Mutations

You are a hulking beast.
Your limbs bulge with bestial killing power. (Slay +7)
Your life essence is reduced to manifest your ancestor. (-10% HP)
You passively map the area around you.
You are easily found by Zot.
You glow in the dark.
You regain HP and MP as you explore.
You have large cloven feet.
Your magical capacity is low. (-10% MP)


Message History

A bullfrog comes into view.
The bullfrog croaks.
The bullfrog releases a deep croak.
A deep elf pyromancer comes into view. It is wielding a +0 rapier.
Demetirus barely misses the gargoyle.
The gargoyle hits Demetirus with a +0 morningstar!
A bullfrog comes into view.
Demetirus hits the gargoyle.
The gargoyle barely misses Demetirus.
The bullfrog moves out of view.
You swap places.
The gargoyle barely misses you.
You punch the gargoyle!
The gargoyle is heavily damaged.
You hit the gargoyle but do no damage. You kick the gargoyle.
The gargoyle is severely damaged.
The gargoyle hurls a stone arrow at you.
The stone arrow hits you!!
The deep elf pyromancer points at you and mumbles some strange words.
The bolt of fire hits you!!
* * * LOW HITPOINT WARNING * * *
You swap places.
Demetirus closely misses the gargoyle.
The gargoyle hurls a stone arrow at you.
The stone arrow hits Demetirus!
The deep elf pyromancer gestures wildly while chanting.
Unknown command.
Unknown command.
Demetirus hits the gargoyle.
The gargoyle hurls a stone arrow at you.
The stone arrow hits Demetirus!!
Demetirus is destroyed!
The fire elemental closely misses you.
Unknown command.
You feel much better.
The gargoyle hurls a stone arrow at you.
The stone arrow hits you!!
* * * LOW HITPOINT WARNING * * *
An orc warrior comes into view. It is wielding a +0 scimitar.
The fire elemental completely misses you.
You feel yourself speed up. The fire elemental hits you.
The fire elemental burns you!
You die...

,*,* *, ,###.#.# * ..#.#.
* # * ,* #* , .##.#.# ,
#o* .# . #,#.#)#. *** , #.
.####.####.#[# .,
*#.#####.##... ...##.#† *
#.. #?Ee..##..# *#..##.#
#....###E###..#* #...###
#...FF9..h...# #......
#...########.########...).
# , * #.............. * ,
, * * *#####.#####.### * ,
, #.# #.# , * #.# #.# , ,
,, , ,..# #.# * * * ...,
... * #..#* #.# #


You could see a deep elf pyromancer, 2 fire elementals, an orc warrior, a
gargoyle and 2 bullfrogs.

Vanquished Creatures
  Pikel (D:6)
  Grinder (D:5)
  A yak (D:8)
  A wyvern (D:8)
  A wraith (Ossuary)
  Menkaure (D:5)
  2 water moccasins
  4 sky beasts
  10 orc warriors
  3 black bears
  2 centaurs (D:8)
  2 ice beasts
  A kobold brigand (D:8)
  3 bullfrogs
  5 scorpions
  3 wights (D:8)
  9 killer bees
  6 howler monkeys
  2 orc priests
  2 hounds
  A jelly (D:4)
  2 gnoll boudas
  2 sleepcaps (D:8)
  3 iguanas
  3 orc wizards
  A mummy (Ossuary)
  8 gnolls
  5 adders
  A shadow imp (D:7)
  2 white imps
  A worm (D:5)
  16 orcs
  5 bats
  12 endoplasms
  3 giant cockroaches
  2 goblins (Bailey)
  9 hobgoblins
  2 quokkas
  5 ball pythons
  6 gnoll skeletons (Ossuary)
  16 kobolds
  3 kobold skeletons (Ossuary)
  16 orc skeletons (Ossuary)
  5 rats (D:1)
189 creatures vanquished.

Vanquished Creatures (others)
  An ancestor (D:8)
1 creature vanquished.

Grand Total: 190 creatures vanquished

Notes
Turn   | Place    | Note
-------+----------+-------------------------------------------
     0 | D:1      | cforsyth the Meteoran Shapeshifter began the quest for the
                  | Orb.
     0 | D:1      | Reached XP level 1. HP: 17/17 MP: 2/2
    61 | D:1      | Reached XP level 2. HP: 14/24 MP: 3/3
   116 | D:1      | Reached skill level 3 in Unarmed Combat
   125 | D:1      | Found a faded altar of an unknown god.
   228 | D:1      | Reached XP level 3. HP: 27/29 MP: 4/4
   273 | D:2      | You fall into a shaft and drop 1 floor!
   383 | D:4      | Reached XP level 4. HP: 35/36 MP: 5/5
   390 | D:4      | Found a sand-covered staircase.
   396 | Ossuary  | Entered an ossuary
   396 | Ossuary  | Noticed a wraith
   396 | Ossuary  | Noticed a wraith
   396 | Ossuary  | Noticed a wraith
   423 | Ossuary  | Reached skill level 4 in Unarmed Combat
   504 | Ossuary  | Noticed a wraith
   532 | Ossuary  | Killed a wraith
   533 | Ossuary  | Reached skill level 5 in Unarmed Combat
   533 | Ossuary  | Reached skill level 5 in Shapeshifting
   533 | Ossuary  | Reached XP level 5. HP: 21/41 MP: 6/6
   533 | Ossuary  | Reached XP level 6. HP: 25/48 MP: 7/7
   748 | D:3      | Reached XP level 7. HP: 52/55 MP: 8/8
   753 | D:3      | Reached skill level 6 in Unarmed Combat
  1087 | D:5      | Entered Level 5 of the Dungeon
  1158 | D:5      | Found a staircase to the Ecumenical Temple.
  1171 | D:5      | Reached skill level 7 in Unarmed Combat
  1171 | D:5      | Reached XP level 8. HP: 58/61 MP: 9/9
  1179 | Temple   | Entered the Ecumenical Temple
  1272 | Temple   | Became a worshipper of Hepliaklqana the Forgotten
  1297 | D:5      | Noticed Pikel
  1380 | D:5      | Noticed Grinder
  1388 | D:5      | Killed Grinder
  1389 | D:5      | Reached skill level 8 in Unarmed Combat
  1438 | D:5      | Found an iron altar of Okawaru.
  1462 | D:5      | Gained mutation: You passively map the area around you.
                  | [Meteoran growth]
  1462 | D:5      | Reached XP level 9. HP: 29/67 MP: 10/10
  1496 | D:6      | Killed Pikel
  1497 | D:6      | Reached skill level 9 in Unarmed Combat
  1544 | D:5      | Noticed Menkaure
  1548 | D:5      | Killed Menkaure
  1549 | D:5      | Reached skill level 10 in Unarmed Combat
  1635 | D:6      | Identified the orb "Jiyrgh" {*Rage, rElec rC+ Will+ Slay-2}
  1796 | D:7      | Reached XP level 10. HP: 34/73 MP: 11/11
  1798 | D:7      | HP: 3/73 [killer bee (4)]
  1807 | D:7      | HP: 2/73 [poisoned by a killer bee]
  1884 | D:7      | Reached skill level 11 in Unarmed Combat
  1942 | D:7      | Found a flagged portal.
  1960 | Bailey   | Entered a bailey
  1997 | Bailey   | Reached skill level 10 in Shapeshifting
  2121 | Bailey   | Gained mutation: Your magical capacity is low. (-10% MP)
                  | [potion of mutation]
  2121 | Bailey   | Gained mutation: You have large cloven feet. [potion of
                  | mutation]
  2142 | Bailey   | Reached skill level 12 in Unarmed Combat
  2397 | D:8      | Reached XP level 11. HP: 66/79 MP: 10/10
  2445 | D:8      | Reached * piety under Hepliaklqana
  2538 | D:8      | Reached skill level 13 in Unarmed Combat
  2581 | D:8      | Noticed a deep elf pyromancer
  2591 | D:8      | Slain by a fire elemental

Illustrated notes

Levels and vault maps discovered:
D:1:      dpeg_arrival_pond, layout_loops_ring,
          hellmonk_ecumenical_altar_inner_sanctum
D:2:      layout_rooms, eino_tiny_chamber, uniq_jessica
D:3:      layout_basic
D:4:      layout_cave_pools, gammafunk_temple_overflow_pools,
          nicolae_ossuary_entry_plus
D:5:      layout_rooms, nicolae_overflow_crystal_walls,
          minmay_temple_entry_water_ring, uniq_grinder, uniq_pikel,
          uniq_menkaure
D:6:      layout_gridville, serial_bayou_lagoon_b, uniq_maggie
D:7:      layout_layer_cave, enter_bailey_2
D:8:      minmay_the_grid_octo_tiled_octocenter [minmay_the_grid_octo_checkered,
          minmay_the_grid_octo_concentric, minmay_the_grid_octo_checkerflower,
          minmay_the_grid_octo_empty, minmay_the_grid_octo_prize_big_c,
          minmay_the_grid_square_5x5_shuriken,
          minmay_the_grid_square_5x5_beaten_path,
          minmay_the_grid_square_5x5_hollow_slash,
          minmay_the_grid_square_5x5_bracketed], layout_loops_ring
D:9:      layout_basic, nicolae_tso_carved_into_rock, slow_altar_1
Temple:   eino_temple_rhombus

Skill      XL: |  1  2  3  4  5  6  7  8  9 10 11 |
---------------+----------------------------------+-----
Unarmed Combat | 3 5 7 8 10 12 13 | 13.2
Shapeshifting  | 4 5 6 7 9 11 | 11.6
Fighting       | |  2.1
Dodging        | |  2.4

Action                     |  1- 3 |  4- 6 |  7- 9 | 10-12 || total
---------------------------+-------+-------+-------+-------++-------
  Melee: Unarmed           |    50 |   103 |   167 |   215 ||   535
         Punch             |       |     3 |     8 |    16 ||    27
         Kick              |       |       |       |    29 ||    29
  Evoke: Wand              |       |       |       |     2 ||     2
    Use: Scroll            |     2 |     4 |     8 |       ||    14
         Potion            |       |     1 |       |     8 ||     9
 Armour: Animal skin       |    19 |    41 |    15 |       ||    75
         Skin              |       |    10 |       |       ||    10
         Robe              |       |       |    50 |   101 ||   151
  Dodge: Dodged            |    20 |    52 |   113 |    67 ||   252

Table legend: (Time is in decaauts)
 A = Elapsed time spent in this place.
 B = Non-inter-level travel time spent in this place.
 C = Inter-level travel time spent in this place.
 D = Time resting spent in this place.
 E = Time spent auto-exploring this place.
 F = Levels seen in this place.
 G = Mean time per level.
                   A        B        C        D        E       F      G
               +--------+--------+--------+--------+--------+-----+--------+
         Total |   2508 |   2491 |     17 |     19 |      9 |  12 |  209.0 |
       Dungeon |   1908 |   1907 |      1 |      0 |      7 |   9 |  212.0 |
        Temple |    109 |     93 |     16 |      0 |      0 |   1 |  109.0 |
       Ossuary |    263 |    263 |      0 |     19 |      2 |   1 |  263.0 |
        Bailey |    226 |    226 |      0 |      0 |      0 |   1 |  226.0 |
               +--------+--------+--------+--------+--------+-----+--------+

Top non-repeatable levels by time:
     D:7: 368 daAuts
     D:5: 307 daAuts
     D:8: 300 daAuts
     D:1: 272 daAuts
 Ossuary: 263 daAuts
     D:4: 261 daAuts
     D:3: 229 daAuts
  Bailey: 226 daAuts
  Temple: 109 daAuts
     D:2: 103 daAuts
     D:6: 64 daAuts
     D:9: 1 daAuts
